 Dungeon Crawl Stone Soup version 0.27-a0-242-ge0fc76b88b (webtiles) character file.

Game seed: 14730528982683066106

26 Borgoz the Slasher (level 3, -5/30 HPs)
             Began as a Ghoul Gladiator on Feb 3, 2021.
             Slain by a worm (11 damage)
             ... on level 3 of the Dungeon.
             The game lasted 00:02:18 (1610 turns).

Borgoz the Slasher (Ghoul Gladiator)                Turns: 1610, Time: 00:02:18

Health: -5/30      AC:  4    Str: 17    XL:     3   Next: 8%
Magic:  2/2        EV: 12    Int:  3    God:
Gold:   143        SH:  0    Dex: 11    Spells: 2/2 levels left

rFire    . . .     SeeInvis .   a - +0 long sword
rCold    + . .     Faith    .   (no shield)
rNeg     + + +     Spirit   .   b - +0 leather armour
rPois    ∞         Reflect  .   c - +0 helmet
rElec    .         Harm     .   (no cloak)
rCorr    .         Rampage  .   (no gloves)
Will     .....                  (no boots)
Stlth    +.........             (no amulet)
HPRegen  0.00/turn              (no ring)
MPRegen  0.08/turn              (no ring)

@: no status effects
A: claws 1, cold resistance 1, negative energy resistance 3, inhibited
regeneration, torment resistance, unbreathing
a: no special abilities


You were on level 3 of the Dungeon.
You visited 1 branch of the dungeon, and saw 3 of its levels.

You collected 143 gold pieces.

Inventory:

Hand Weapons
 a - a +0 long sword (weapon)
Missiles
 d - 3 throwing nets (quivered)
Armour
 b - a +0 leather armour (worn)
 c - a +0 helmet (worn)
Scrolls
 f - a scroll of remove curse {unknown}
 j - 2 scrolls of identify {unknown}
 k - a scroll of enchant armour {unknown}
Potions
 e - a potion of degeneration {unknown}
 g - a potion of heal wounds {unknown}
 h - 2 potions of ambrosia {unknown}
 i - a potion of attraction {unknown}
 m - a potion of might {unknown}
 n - a potion of lignification {unknown}


   Skills:
 + Level 2.5 Fighting
 * Level 3.1 Long Blades
 - Level 1.7 Throwing
 + Level 0.8 Armour
 + Level 2.9 Dodging


You had 2 spell levels left.
You didn't know any spells.
Your spell library was empty.

Dungeon Overview and Level Annotations

Branches:
Dungeon (3/15)

Altars:


Innate Abilities, Weirdness & Mutations

You thrive by killing the living.
You are immune to poison.
You have sharp fingernails.
Your flesh is cold resistant. (rC+)
You are immune to negative energy. (rN+++)
You do not regenerate when monsters are visible.
You are immune to unholy pain and torment.
You can survive without breathing.


Message History

The adder is heavily wounded.
The adder bites you but does no damage. The worm barely misses you.
You closely miss the adder.
The adder is heavily wounded.
The adder closely misses you.
You riposte.
You hit the adder.
The adder is heavily wounded.
The adder bites you.
You slash the worm!
The worm is heavily wounded.
The adder closely misses you.
You riposte.
You barely miss the adder.
The adder is heavily wounded.
The worm bites you!
* * * LOW HITPOINT WARNING * * *
The adder bites you.
* * * LOW HITPOINT WARNING * * *
You are too injured to fight recklessly!
You hit the worm.
The worm is heavily wounded.
The adder misses you. The worm bites you!
You die...

#########
#.......#
#..($...#
#.......##
#.......$####
#...).w.....#
#.....@S#
#.......#
###.##### #.#
#<# #.# #.#
#.. ..#


You could see a worm and an adder.

Vanquished Creatures
  A worm (D:2)
  3 ball pythons
  4 bats
  2 giant cockroaches
  2 hobgoblins
  3 frilled lizards (D:1)
  2 goblins (D:2)
  2 kobolds (D:1)
  5 rats
24 creatures vanquished.

Notes
Turn   | Place    | Note
-------+----------+-------------------------------------------
     0 | D:1      | Borgoz the Ghoul Gladiator began the quest for the Orb.
     0 | D:1      | Reached XP level 1. HP: 17/17 MP: 0/0
   201 | D:1      | Reached XP level 2. HP: 25/25 MP: 1/1
   472 | D:1      | Reached skill level 3 in Long Blades
  1297 | D:2      | Reached XP level 3. HP: 21/30 MP: 2/2
  1610 | D:3      | Slain by a worm

Illustrated notes

Levels and vault maps discovered:
D:1:      dpeg_arrival_prison, layout_rooms
D:2:      layout_loops_corners
D:3:      layout_rooms, gup_sewer_entry_bubbles, minmay_misc_feat_rugged,
          minmay_misc_feat_rows

Skill      XL: |  1  2 |
---------------+-------+-----
Long Blades    | 3 |  3.1
Fighting       | |  2.5
Throwing       | |  1.7
Armour         | |  0.8
Dodging        | |  2.9

Action                   || total
-------------------------++-------
Melee: Long sword        ||    70
  Use: Scroll            ||     1
Armor: Leather armour    ||    23
Dodge: Dodged            ||    47
       Rpst.: Long sword ||    13

Table legend: (Time is in decaauts)
 A = Elapsed time spent in this place.
 B = Non-inter-level travel time spent in this place.
 C = Inter-level travel time spent in this place.
 D = Time resting spent in this place.
 E = Time spent auto-exploring this place.
 F = Levels seen in this place.
 G = Mean time per level.
                   A        B        C        D        E       F      G
               +--------+--------+--------+--------+--------+-----+--------+
         Total |   1626 |   1592 |     34 |      0 |   1382 |   3 |  542.0 |
       Dungeon |   1626 |   1592 |     34 |      0 |   1382 |   3 |  542.0 |
               +--------+--------+--------+--------+--------+-----+--------+

Top non-repeatable levels by time:
     D:2: 1046 daAuts
     D:1: 562 daAuts
     D:3: 16 daAuts
